 Dungeon Crawl Stone Soup version 0.21-a0-531-gacddea6 (webtiles) character file.

28131 Amnesiac the Earth Mage (level 13, 0/70 HPs)
             Began as a Deep Elf Earth Elementalist on Dec 12, 2017.
             Was a High Priest of Sif Muna.
             Shot with an arrow by a centaur warrior (17 damage)
             ... on level 14 of the Dungeon.
             The game lasted 00:34:03 (13668 turns).

Amnesiac the Earth Mage (DEEE)                     Turns: 13668, Time: 00:34:03

Health: 0/70       AC:  7    Str:  5    XL:     13   Next: 8%
Magic:  1/58       EV: 14    Int: 31    God:    Sif Muna [*****.]
Gold:   876        SH:  6    Dex: 15    Spells: 9/42 levels left

rFire    . . .     SeeInvis .   a - staff of power
rCold    + . .     Gourm    .   p - +1 buckler
rNeg     . . .     Faith    .   s - +2 robe {rC+}
rPois    .         Spirit   .   v - +2 hat
rElec    .         Reflect  .   J - +0 cloak
rCorr    .         Harm     .   (no gloves)
MR       +....                  (no boots)
Stlth    +++.......             (no amulet)
HPRegen  0.21/turn              K - ring of magical power
MPRegen  0.36/turn              A - +5 ring of intelligence

@: barbed spikes, divine energy
A: camouflage 1, subdued magic 1
a: Stop Divine Energy, Channel Magic, Forget Spell, Renounce Religion


You were on level 14 of the Dungeon.
You worshipped Sif Muna.
Sif Muna was extremely pleased with you.
You were hungry.

You visited 2 branches of the dungeon, and saw 15 of its levels.
You also visited: Sewer.

You collected 905 gold pieces.
You spent 29 gold pieces at shops.

Inventory:

Hand Weapons
 b - a +3 dagger of flaming
 c - a +0 blowgun
Missiles
 q - a throwing net
 x - 72 poisoned needles
 F - 200 stones (quivered)
Armour
 p - a +1 buckler (worn)
 s - a +2 robe of cold resistance (worn)
 v - a +2 hat (worn)
 J - a +0 cloak (worn)
Magical Staves
 a - an uncursed staff of power (weapon)
 l - an uncursed staff of death
Jewellery
 r - an uncursed ring of wizardry
 A - a +5 ring of intelligence (right hand)
 K - a ring of magical power (left hand)
 L - an uncursed ring of positive energy
Wands
 e - a wand of enslavement (11)
 y - a wand of iceblast (7)
 M - a wand of polymorph (35)
Scrolls
 f - 7 scrolls of teleportation {!r}
 g - 4 scrolls of random uselessness {!r, unknown}
 i - 5 scrolls of identify {!r}
 o - 6 scrolls of magic mapping {!r}
 w - 3 scrolls of amnesia {!r}
 C - a scroll of enchant armour {!r}
 E - 2 scrolls of enchant weapon {!r}
 N - 6 scrolls of remove curse {!r}
Potions
 k - a potion of cancellation {!q}
 m - 3 potions of curing {!q}
 n - a potion of berserk rage {!q}
 t - 2 potions of ambrosia {!q}
 z - 2 potions of heal wounds {!q}
 B - 2 potions of haste {!q}
 D - 2 potions of might {!q}
 G - 2 potions of agility {!q}
 H - 2 potions of flight {!q}
Books
 I - Sif Muna's Papyrus of the Shifting Oath
   (Sif Muna gifted it to you on level 11 of the Dungeon)

   Spells                             Type                      Level
   a - Silence                        Hexes/Air                    5
   b - Invisibility                   Hexes                        6
   c - Dragon Form                    Transmutation                7
 Q - a book of Misfortune

   Spells                             Type                      Level
   a - Confusing Touch                Hexes                        1
   b - Confuse                        Hexes                        3
   c - Gell's Gravitas                Translocation                3
   d - Petrify                        Transmutation/Earth          4
   e - Metabolic Englaciation         Hexes/Ice                    5
   f - Yara's Violent Unravelling     Hexes/Transmutation          5
 R - a Young Poisoner's Handbook

   Spells                             Type                      Level
   a - Sting                          Conjuration/Poison           1
   b - Poisonous Vapours              Poison/Air                   2
   c - Mephitic Cloud                 Conjuration/Poison/Air       3
   d - Olgreb's Toxic Radiance        Poison                       4
   e - Venom Bolt                     Conjuration/Poison           5
Comestibles
 d - 6 bread rations
 h - 7 royal jellies
 j - 7 meat rations
 u - 27 fruits
 O - 6 chunks of flesh


   Skills:
 - Level 4.0 Fighting
 - Level 4.0 Dodging
 - Level 2.4 Stealth
 - Level 4.0 Shields
 + Level 15.3 Spellcasting
 - Level 1.1 Transmutations
 * Level 17.7 Earth Magic


You had 9 spell levels left.
You knew the following spells:

 Your Spells              Type           Power        Failure   Level  Hunger
a - Iron Shot             Conj/Erth      ######....   6%          6    ###....
b - Passwall              Tmut/Erth      ######....   1%          2    None
c - Sandblast             Erth           ######       0%          1    None
d - Lee's Rapid Deconstr  Erth           #######...   1%          5    None
e - Petrify               Tmut/Erth      ######..     1%          4    None
f - Deflect Missiles      Chrm/Air       ###.......   95%         6    ###....
g - Mephitic Cloud        Conj/Pois/Air  ###.....     4%          3    None
h - Stone Arrow           Conj/Erth      ######       1%          3    None
r - Regeneration          Chrm/Necr      ###.......   4%          3    None


Dungeon Overview and Level Annotations

Branches:
Dungeon (14/15)            Temple (1/1) D:5            Lair (0/6) D:10
    Orc (0/2) D:10         Vaults (0/5) D:14

Altars:
Ashenzari
Dithmenos
Elyvilon
Fedhas
Gozag
Hepliaklqana
Kikubaaqudgha
Makhleb
Nemelex Xobeh
Okawaru
Qazlal
Ru
Sif Muna
Trog
Uskayaw
Vehumet
Wu Jian
Xom
Yredelemnul
Zin
The Shining One

Shops:
D:6 :   D:7 *   D:8 [

Annotations:
D:14 Rupert


Innate Abilities, Weirdness & Mutations

Your skin changes colour to match your surroundings (Stealth+).
Your spells are a little easier to cast, but a little less powerful.


Message History

Confirm with . or Enter, or press ? or * to list all spells.
Aiming: Petrify
Press: ? - help, Shift-Dir - straight line, f/p - cyclops
Aim: a cyclops (chance to defeat MR: 60%)
The cyclops is moving more slowly.
The human misses you.
You hear a shout!
Unknown command.
Casting: Petrify
Confirm with . or Enter, or press ? or * to list all spells.
Aiming: Iron Shot
Press: ? - help, Shift-Dir - straight line, f - human, p - cyclops
Aim: a human The iron shot hits the human.
The human is almost dead.
The human barely misses you.
You hit the human but do no damage.
The human is almost dead.
The human hits you but does no damage. The human closely misses you.
You hit the human.
The human is almost dead.
The cyclops stops moving altogether!
The human barely misses you.
You hit the human but do no damage.
The human is almost dead.
The human hits you.
* * * LOW HITPOINT WARNING * * *
Casting: Iron Shot
Confirm with . or Enter, or press ? or * to list all spells.
Aiming: Sandblast
Press: ? - help, Shift-Dir - straight line, f/p - human
Aim: a human (almost dead)
The blast of sand hits the human.
You kill the human!
Sif Muna accepts your kill.
F - 200 stones
Casting: Sandblast
Confirm with . or Enter, or press ? or * to list all spells.
Aiming: Iron Shot
Press: ? - help, Shift-Dir - straight line, f - orc knight
Aim: an orc knight, wielding a halberd of venom and wearing a chain mail The iron shot hits the orc knight.
The orc knight is heavily wounded.
You are feeling hungry.
Casting: Iron Shot
Confirm with . or Enter, or press ? or * to list all spells.
Aiming: Iron Shot
Press: ? - help, Shift-Dir - straight line, f/p - orc knight
Aim: an orc knight, wielding a halberd of venom and wearing a chain mail (heavily wounded)
The iron shot misses the orc knight.
The centaur warrior shoots an arrow.
The arrow hits you!
* * * LOW HITPOINT WARNING * * *
The orc knight hits you from afar with a halberd of venom!
* * * LOW HITPOINT WARNING * * *
Unknown command.
Okay, then.
Okay, then.
Okay, then.
Okay, then.
Unknown command.
Okay, then.
Really quaff
z - 3 potions of heal wounds {!q}?
You feel much better.
The centaur warrior shoots an arrow.
The arrow hits you.
* * * LOW HITPOINT WARNING * * *
The centaur warrior shoots an arrow.
The arrow hits you!
You die...

..#
..########c#
#........(.#
#..........#
#........%.#
#.......o..#
#........†.#
#....<∩.†.@#
#....><....#
#..........#
#..........#
#.....C...†#
#..p.......#
............#
............#
..##.########


You could see an orc knight, a centaur warrior, a cyclops (petrified) and a
human.

Vanquished Creatures
  Josephine (D:11)
  The ghost of Amnesiac the Destroyer, a journeyman DEWz of Sif Muna (D:12)
  2 hydras
  A centaur warrior (D:8)
  4 two-headed ogres
  A two-headed ogre (shapeshifter) (D:13)
  A tengu warrior (D:13)
  A skeletal warrior (D:8)
  An unseen horror (D:8)
  A wolf spider zombie (D:12)
  3 ugly things
  2 deep elf magi (D:13)
  2 cyclopes
  2 manticores (D:14)
  Maurice (D:8)
  A centaur zombie (D:11)
  2 gargoyles
  A kobold demonologist (D:13)
  A troll (D:12)
  Prince Ribbit (D:8)
  3 slime creatures (D:12)
  5 hippogriffs
  2 dream sheep (D:8)
  5 wraiths (D:11)
  A basilisk (D:12)
  A wyvern (D:11)
  21 yaks
  3 hungry ghosts
  3 humans
  A soldier ant (D:11)
  A water moccasin (D:7)
  2 wargs
  The ghost of DEFE the Shooter, an amateur DEAM of Okawaru (D:4)
  5 orc warriors
  3 ice beasts
  A black bear (D:12)
  A necrophage (D:9)
  2 sky beasts
  6 ogres
  2 phantoms
  2 centaurs
  2 crocodiles
  8 big kobolds
  6 bullfrogs
  A gnoll sergeant (D:12)
  A water moccasin zombie (D:5)
  2 scorpions
  10 killer bees
  14 wights
  2 howler monkeys (D:12)
  7 crimson imps
  3 bullfrog zombies
  10 hounds
  2 quasits
  7 orc priests
  3 bullfrog skeletons
  2 centaur skeletons
  A jelly (D:10)
  10 orc wizards
  Jessica (D:2)
  4 iguanas
  9 worker ants
  2 hound zombies
  A hound skeleton (D:6)
  A howler monkey zombie (D:5)
  3 worker ant zombies
  11 gnolls
  4 river rats
  16 adders
  4 shadow imps
  2 oozes
  4 worms
  A dart slug (D:1)
  7 leopard geckos
  46 orcs
  9 giant cockroaches
  6 goblins
  7 hobgoblins
  7 jackals
  7 quokkas
  5 ball pythons
  7 bats
  5 frilled lizards
  A jackal skeleton (D:6)
  22 kobolds
  2 leopard gecko zombies
  10 rats
396 creatures vanquished.

Vanquished Creatures (others)
  6 plants (D:8)
6 creatures vanquished.

Grand Total: 402 creatures vanquished

Notes
Turn   | Place    | Note
-------+----------+-------------------------------------------
     0 | D:1      | Amnesiac the Deep Elf Earth Elementalist began the quest for the Orb.
     0 | D:1      | Reached XP level 1. HP: 10/10 MP: 6/6
   224 | D:1      | Reached skill level 1 in Fighting
   224 | D:1      | Reached XP level 2. HP: 16/16 MP: 6/8
   357 | D:1      | Reached skill level 1 in Shields
   892 | D:2      | Reached XP level 3. HP: 20/20 MP: 6/9
  1168 | D:2      | Noticed Jessica
  1172 | D:2      | Killed Jessica
  1172 | D:2      | Reached skill level 4 in Earth Magic
  1172 | D:2      | Reached XP level 4. HP: 25/25 MP: 6/10
  2039 | D:3      | Reached XP level 5. HP: 29/29 MP: 9/11
  2050 | D:3      | Found a burning altar of Makhleb.
  2409 | D:3      | Found a hazy altar of Hepliaklqana.
  2687 | D:4      | Noticed DEFE's ghost (amateur DEAM)
  2710 | D:4      | Killed DEFE's ghost
  2710 | D:4      | Reached skill level 5 in Earth Magic
  2710 | D:4      | Reached XP level 6. HP: 32/34 MP: 2/12
  2715 | D:4      | Learned a level 3 spell: Stone Arrow
  2718 | D:4      | Learned a level 2 spell: Passwall
  2724 | D:4      | Learned a level 5 spell: Lee's Rapid Deconstruction
  2810 | D:4      | Found a glowing drain.
  2813 | Sewer    | Entered a sewer
  3362 | D:4      | Reached XP level 7. HP: 40/40 MP: 11/15
  3597 | D:4      | Reached skill level 5 in Spellcasting
  3864 | D:5      | Entered Level 5 of the Dungeon
  3890 | D:5      | Found a stormy altar of Qazlal.
  4093 | D:5      | Found an ornate altar of the Wu Jian Council.
  4251 | D:5      | Found a staircase to the Ecumenical Temple.
  4279 | Temple   | Entered the Ecumenical Temple
  4358 | Temple   | Became a worshipper of Sif Muna the Loreminder
  4384 | Temple   | Learned a level 4 spell: Petrify
  5018 | D:6      | Reached XP level 8. HP: 31/48 MP: 10/17
  5087 | D:5      | Reached skill level 6 in Earth Magic
  5359 | D:6      | Noticed a hippogriff
  5367 | D:6      | Killed a hippogriff
  5367 | D:6      | Reached * piety under Sif Muna
  5367 | D:6      | Reached skill level 7 in Earth Magic
  5479 | D:6      | Reached skill level 8 in Earth Magic
  5562 | D:6      | Found a faded altar of an unknown god.
  5562 | D:6      | Found a radiant altar of Vehumet.
  5570 | D:6      | Found a bloodstained altar of Trog.
  5572 | D:6      | Found a glowing golden altar of the Shining One.
  5573 | D:6      | Found a shimmering altar of Xom.
  5650 | D:6      | Learned a level 3 spell: Regeneration
  5749 | D:6      | Found a sacrificial altar of Ru.
  5856 | D:6      | Found Kusmenipt's Book Shoppe.
  5928 | D:6      | Reached XP level 9. HP: 52/52 MP: 20/22
  6187 | D:7      | Reached ** piety under Sif Muna
  6285 | D:7      | Found Onoc's Assorted Antiques.
  6296 | D:7      | Bought a scroll labeled DADOAM YBURUYK for 29 gold pieces
  6316 | D:7      | Reached skill level 9 in Earth Magic
  6573 | D:7      | Found a white marble altar of Elyvilon.
  6987 | D:8      | Identified Miafilesch's Papyrus of Assistive Poison
  7003 | D:8      | Found Wopteusas's Antique Armour Boutique.
  7009 | D:8      | Reached skill level 10 in Earth Magic
  7010 | D:8      | Killed an unseen horror
  7010 | D:8      | Reached *** piety under Sif Muna
  7052 | D:8      | Reached skill level 11 in Earth Magic
  7096 | D:8      | Noticed a centaur warrior
  7131 | D:8      | HP: 2/78 [centaur warrior/arrow (18)]
  7152 | D:8      | Killed a centaur warrior
  7152 | D:8      | Reached skill level 10 in Spellcasting
  7152 | D:8      | Reached XP level 10. HP: 15/56 MP: 9/26
  7220 | D:8      | Noticed a two-headed ogre
  7227 | D:8      | Noticed a skeletal warrior
  7232 | D:8      | Noticed Prince Ribbit
  7707 | D:8      | Killed Prince Ribbit
  7718 | D:8      | Killed a two-headed ogre
  7718 | D:8      | Reached **** piety under Sif Muna
  7718 | D:8      | Reached skill level 12 in Earth Magic
  7796 | D:8      | Killed a skeletal warrior
  7803 | D:8      | Noticed Maurice
  7819 | D:8      | Killed Maurice
  7897 | D:8      | Reached skill level 13 in Earth Magic
  8011 | D:8      | Noticed a three-headed hydra
  8019 | D:8      | Killed a three-headed hydra
  8019 | D:8      | Reached ***** piety under Sif Muna
  8019 | D:8      | Reached XP level 11. HP: 61/61 MP: 13/28
  8059 | D:8      | Noticed a two-headed ogre
  8068 | D:8      | Killed a two-headed ogre
  8068 | D:8      | Identified Sif Muna's Incunabulum of Companions (Sif Muna gifted it to you on level 8 of the Dungeon)
  8068 | D:8      | Received a gift from Sif Muna
  8619 | D:9      | Reached skill level 14 in Earth Magic
  8662 | D:9      | Learned a level 6 spell: Deflect Missiles
  8666 | D:9      | Learned a level 3 spell: Mephitic Cloud
  8947 | D:10     | Entered Level 10 of the Dungeon
  8955 | D:10     | Found a staircase to the Lair.
  9423 | D:10     | Found a staircase to the Orcish Mines.
  9989 | D:11     | Noticed a two-headed ogre
  9995 | D:11     | Killed a two-headed ogre
 10103 | D:11     | Noticed Josephine
 10132 | D:11     | Learned a level 6 spell: Iron Shot
 10264 | D:11     | Killed Josephine
 10264 | D:11     | Reached skill level 15 in Earth Magic
 10832 | D:11     | Identified Sif Muna's Papyrus of the Shifting Oath (Sif Muna gifted it to you on level 11 of the Dungeon)
 10832 | D:11     | Received a gift from Sif Muna
 10906 | D:12     | Noticed Amnesiac's ghost (journeyman DEWz)
 11086 | D:12     | Killed Amnesiac's ghost
 11086 | D:12     | Reached XP level 12. HP: 65/65 MP: 25/31
 11496 | D:12     | Reached skill level 16 in Earth Magic
 11749 | D:12     | Gained mutation: Your spells are a little easier to cast, but a little less powerful. [mutagenic meat]
 11957 | D:12     | Noticed a two-headed ogre
 11970 | D:12     | Killed a two-headed ogre
 12480 | D:13     | Received a gift from Sif Muna
 12487 | D:13     | Noticed a two-headed ogre
 12489 | D:13     | Noticed a tengu warrior
 12490 | D:13     | Killed a two-headed ogre
 12490 | D:13     | Reached skill level 17 in Earth Magic
 12503 | D:13     | Killed a tengu warrior
 12603 | D:12     | Reached skill level 15 in Spellcasting
 12677 | D:13     | Noticed a four-headed hydra
 12685 | D:13     | Killed a four-headed hydra
 12773 | D:13     | Gained mutation: Your skin changes colour to match your surroundings (Stealth+). [mutagenic meat]
 12892 | D:13     | Reached XP level 13. HP: 69/69 MP: 17/34
 13466 | D:14     | Found a gate to the Vaults.
 13466 | D:14     | Noticed Rupert
 13668 | D:14     | Shot with an arrow by a centaur warrior

Vault maps used:
D:1:      dpeg_arrival_fog, hex_large
D:2:      kennysheep_decorative_pillar, grunt_ministairs_11,
          kennysheep_small_spiral, uniq_jessica
D:3:      old_standard_altar, marbit_many_paths, first_bread
D:4:      gup_sewer_entry_spiral, serial_bayou_crossing
D:5:      nicolae_overflow_crystal_walls, lemuel_round_altar,
          minmay_temple_entry_fiery, corexii_hall_statues_i
D:6:      nicolae_ru_path_of_blood, chequers_temple_overflow_minitemple,
          serial_shops, kennysheep_mini
D:7:      kennysheep_mini_moat, serial_shops, nicolae_shop_statue_plus
D:8:      minmay_curly_fans, serial_shops, shop, hangedman_ranch, uniq_maurice,
          uniq_prince_ribbit1
D:10:     erik_lair_orcish_takeover, david_orc_2
D:11:     uniq_josephine
D:13:     hangedman_decor_growths
D:14:     david_vaults_3, minmay_fountain_box, minmay_misc_feat_diagonals,
          kennysheep_treasure_room
Temple:   minmay_temple_bridge_abc
Sewer:    sewer_co_15_rooms

Skill      XL: |  1  2  3  4  5  6  7  8  9 10 11 12 |
---------------+-------------------------------------+-----
Fighting       | 1 2 3 4 |  4.0
Shields        | 1 2 4 |  4.0
Earth Magic    | 4 5 8 11 13 15 17 | 17.7
Spellcasting   | 4 5 7 10 11 13 15 | 15.3
Dodging        | 3 4 |  4.0
Stealth        | |  2.4
Transmutations | |  1.1

Action                   |  1- 3 |  4- 6 |  7- 9 | 10-12 | 13-15 || total
-------------------------+-------+-------+-------+-------+-------++-------
Melee: Dagger            |     3 |    41 |    11 |    49 |       ||   104
       Trident           |       |       |    30 |       |       ||    30
       Staff             |       |       |       |    14 |     3 ||    17
 Fire: Hunting sling     |       |   122 |    71 |       |       ||   193
Throw: Throwing net      |       |       |     2 |       |       ||     2
 Cast: Sandblast         |    50 |    59 |    78 |     3 |     1 ||   191
       Passwall          |       |     3 |     3 |       |       ||     6
       Lee's Rapid Decon |       |       |    46 |    84 |     7 ||   137
       Stone Arrow       |       |       |    10 |   180 |       ||   190
       Petrify           |       |       |     5 |     3 |     2 ||    10
       Iron Shot         |       |       |       |    67 |    16 ||    83
Invok: Divine Energy     |       |       |     1 |       |       ||     1
  Use: Scroll            |       |       |    23 |     2 |     1 ||    26
       Potion            |       |       |     5 |     1 |     4 ||    10
 Stab: Sleeping          |     2 |     2 |     1 |     1 |       ||     6
       Petrified         |       |       |     7 |     7 |       ||    14
       Petrifying        |       |       |     1 |       |       ||     1
  Eat: Chunk             |     1 |     7 |    23 |    32 |     3 ||    66
Armor: Robe              |       |    36 |    23 |    31 |     1 ||    91
       Skin              |       |       |     7 |     6 |       ||    13
Dodge: Dodged            |     9 |    59 |    59 |    75 |    10 ||   212
Block: Buckler           |       |    20 |    24 |    52 |     1 ||    97

Table legend:
 A = Spawn XP
 B = Non-spawn XP
 C = Spawn XP percentage of total XP
 D = Spawn monster count
 E = Non-spawn monster count
 F = Spawn count percentage of total count
 G = Total turns spent on level
                    A         B        C        D         E        F      G
               +---------+---------+-------+---------+---------+-------+---------
         Total |       0 |   40188 |   0.0 |       0 |     396 |   0.0 | 13668
               +---------+---------+-------+---------+---------+-------+---------
           D:1 |       0 |      38 |   0.0 |       0 |      18 |   0.0 |   867
           D:2 |       0 |     135 |   0.0 |       0 |      26 |   0.0 |   848
           D:3 |       0 |      30 |   0.0 |       0 |      10 |   0.0 |   793
           D:4 |       0 |     718 |   0.0 |       0 |      28 |   0.0 |   920
           D:5 |       0 |     381 |   0.0 |       0 |      24 |   0.0 |  1155
           D:6 |       0 |    1466 |   0.0 |       0 |      36 |   0.0 |  1033
           D:7 |       0 |     744 |   0.0 |       0 |      14 |   0.0 |   808
           D:8 |       0 |    9185 |   0.0 |       0 |      45 |   0.0 |  1056
           D:9 |       0 |    1187 |   0.0 |       0 |      18 |   0.0 |  1103
          D:10 |       0 |    1114 |   0.0 |       0 |      28 |   0.0 |   857
          D:11 |       0 |    5715 |   0.0 |       0 |      34 |   0.0 |  1244
          D:12 |       0 |   10012 |   0.0 |       0 |      54 |   0.0 |  1159
          D:13 |       0 |    7520 |   0.0 |       0 |      33 |   0.0 |  1125
          D:14 |       0 |    1826 |   0.0 |       0 |       6 |   0.0 |   158
         Sewer |       0 |     117 |   0.0 |       0 |      22 |   0.0 |   436
               +---------+---------+-------+---------+---------+-------+---------
